 Dungeon Crawl Stone Soup version 0.30-b1-2-g02819fbbbe (webtiles) character file.

Game seed: 82116174827497992

16879 funkygono the Severer (level 12, -5/162 HPs)
             Began as a Minotaur Fighter on May 11, 2023.
             Was an Elder of Okawaru.
             Slain by a 15-headed hydra (7 damage)
             ... on level 2 of the Lair of Beasts.
             The game lasted 00:19:03 (9898 turns).

funkygono the Severer (Minotaur Fighter)            Turns: 9898, Time: 00:19:03

Health: -5/162     AC: 30    Str: 25    XL:     12   Next: 14%
Magic:  12/12      EV:  6    Int:  5    God:    Okawaru [****..]
Gold:   687        SH: 15    Dex:  8    Spells: 11/11 levels left

rFire   . . .        a - +1 war axe
rCold   . . .        d - +1 tower shield {AC+3}
rNeg    . . .        M - +0 plate armour
rPois   +            (helmet restricted)
rElec   +            r - +2 cloak
rCorr   .            g - +1 pair of gloves
SInv    +            k - +1 pair of boots
Will    .....        l - amulet of regeneration
Stlth   x              - ring of see invisible
HPRegen 1.27/turn    y - ring "Gearusk" {rElec rPois AC+4 Dex-3}
MPRegen 0.13/turn

%: no passive effects
@: berserking, very quick
A: horns 2, retaliatory headbutt
a: Renounce Religion, Heroism, Finesse


You were on level 2 of the Lair of Beasts.
You worshipped Okawaru.
Okawaru was greatly pleased with you.
You visited 3 branches of the dungeon, and saw 12 of its levels.
You also visited: Bailey.

You collected 687 gold pieces.

Inventory:

Hand Weapons
 a - a +1 war axe (weapon)
Missiles
 f - 7 boomerangs of dispersal
 A - 2 throwing nets
 L - 4 boomerangs (quivered)
Armour
 d - a +1 tower shield of protection (worn)
 g - a +1 pair of gloves (worn)
 k - a +1 pair of boots (worn)
 r - a +2 cloak (worn)
 M - a +0 plate armour (worn)
Jewellery
 l - an amulet of regeneration (around neck)
 q - a ring of positive energy
 t - a +4 ring of protection
 x - a ring of see invisible (left hand)
 y - the ring "Gearusk" (right hand) {rElec rPois AC+4 Dex-3}
   (You found it on level 5 of the Dungeon)

   [ring of protection]

   AC:        It affects your AC (+4).
   Dex:       It affects your dexterity (-3).
   rElec:     It insulates you from electricity.
   rPois:     It protects you from poison.
 E - a ring of protection from cold
 G - a +4 ring of protection
 I - a ring of fire
Wands
 u - a wand of mindburst (41)
 C - a wand of flame (19)
 F - a wand of iceblast (30)
Scrolls
 b - 2 scrolls of identify
 c - 2 scrolls of fear
 e - 4 scrolls of teleportation
 s - a scroll of amnesia
 B - a scroll of blinking
 K - a scroll of magic mapping
Potions
 h - a potion of might
 i - 2 potions of mutation
 j - 4 potions of heal wounds
 m - 4 potions of curing
 n - a potion of cancellation
 o - a potion of ambrosia {unknown}
 v - 2 potions of flight
 H - 2 potions of attraction


   Skills:
 + Level 10.7 Fighting
 + Level 15.9 Axes
 + Level 1.2 Throwing
 + Level 10.6 Armour
 + Level 4.9 Dodging
 + Level 1.0 Stealth
 + Level 9.4 Shields
 + Level 2.0 Invocations


You had 11 spell levels left.
You didn't know any spells.
Your spell library contained the following spells:

 Spells                   Type           Power      Damage    Failure   Level
 Lesser Beckoning         Tloc           0%         N/A       100%        2
 Portal Projectile        Hex/Tloc       0%         N/A       100%        3
 Blade Hands              Tmut           0%         N/A       100%        5
 Starburst                Conj/Fire      0%         6d3       100%        6
 Ignition                 Fire           0%         3d3       100%        8
 Tukima's Dance           Hex            Unusable   N/A       N/A         3

Dungeon Overview and Level Annotations

Branches:
Dungeon (9/15)             Temple (1/1) D:5            Lair (2/5) D:9
 Bailey (visited)
  Swamp: Lair:2-3    Shoals: Lair:2-3     Snake: Lair:2-3    Spider: Lair:2-3
    Orc: D:9-12

Altars:
Ashenzari
Cheibriados
Dithmenos
Elyvilon
Fedhas
Gozag
Hepliaklqana
Kikubaaqudgha
Makhleb
Nemelex Xobeh
Okawaru
Qazlal
Ru
Sif Muna
Trog
Uskayaw
Vehumet
Wu Jian
Xom
Yredelemnul
Zin
The Shining One


Innate Abilities, Weirdness & Mutations

You have a pair of horns on your head.
You reflexively headbutt those who attack you in melee.


Message History

The 13-headed hydra barely misses you.
The 13-headed hydra bites you but does no damage.
The 13-headed hydra bites you.
* * * LOW HITPOINT WARNING * * *
You slice one of the 13-headed hydra's heads off!
The 12-headed hydra grows two more!
You slice the 14-headed hydra!! You headbutt the 14-headed hydra!!
The 14-headed hydra is severely wounded.
The 14-headed hydra bites you!
* * * LOW HITPOINT WARNING * * *
The 14-headed hydra bites you but does no damage.
The 14-headed hydra bites you.
* * * LOW HITPOINT WARNING * * *
The 14-headed hydra bites you.
* * * LOW HITPOINT WARNING * * *
The 14-headed hydra bites you but does no damage. x2
The 14-headed hydra bites you.
* * * LOW HITPOINT WARNING * * *
The 14-headed hydra barely misses you.
The 14-headed hydra bites you but does no damage.
The 14-headed hydra bites you.
* * * LOW HITPOINT WARNING * * *
You block the 14-headed hydra's attack.
The 14-headed hydra bites you but does no damage. x3
You are too berserk!
Unknown command.
You are too berserk!
You barely miss the 14-headed hydra. You headbutt the 14-headed hydra!!
The 14-headed hydra is almost dead.
You chop one of the 14-headed hydra's heads off!
The 13-headed hydra grows two more!
You slash the 15-headed hydra! You headbutt the 15-headed hydra.
The 15-headed hydra is almost dead.
You block the 15-headed hydra's attack.
The 15-headed hydra bites you but does no damage. x7
You block the 15-headed hydra's attack. x2
The 15-headed hydra bites you but does no damage. x2
The 15-headed hydra barely misses you. You block the 15-headed hydra's attack.
The 15-headed hydra bites you!
You die...
P

#.P........P#.##......#
.........................##
#.#.##...................#
### #....#.###P#P..#####.#
##...#########..###..###
.... #PP###..P##..#.#
..P###..##.........#
?.................P#
#.D@........##
#P.####.##..# .. #####..#
####..## <..######.###.P#
####...##
....#...#..#..P###.....#.#
........................##
.......................##
.......................#
##.....###.####.#.##..#


You could see a 15-headed hydra.

Vanquished Creatures
  2 hydras (Lair:2)
  A boulder beetle (Lair:1)
  A two-headed ogre (D:8)
  An orc knight (Bailey)
  A cyclops (D:8)
  3 elephants (Lair:1)
  A black mamba (Lair:1)
  3 cane toads (Lair:1)
  Psyche (D:9)
  A rime drake (Lair:1)
  A komodo dragon (Lair:1)
  A polar bear (Lair:1)
  A blink frog (Lair:1)
  8 spriggans (Lair:1)
  A shadow (D:9)
  A wraith (D:9)
  2 wyverns (D:9)
  10 yaks (Lair:1)
  2 basilisks
  Menkaure (D:7)
  2 steam dragons
  11 water moccasins
  A hornet zombie (D:8)
  3 black bears
  6 orc warriors
  Pargi (D:4)
  4 sky beasts
  4 ogres
  6 wolves
  2 centaurs
  A phantom (D:7)
  A kobold brigand (D:7)
  A wyvern zombie (D:8)
  6 bullfrogs
  4 scorpions
  4 wights (D:8)
  7 killer bees
  2 electric eels (D:5)
  3 howler monkeys
  4 centaur zombies (D:8)
  5 hounds
  A gnoll bouda (D:5)
  6 orc priests
  2 jellies
  4 sleepcaps
  Crazy Yiuf (D:2)
  2 iguanas (D:5)
  7 orc wizards
  7 hell rats (Lair:1)
  2 killer bee zombies (D:8)
  A howler monkey zombie (D:8)
  11 gnolls
  17 adders
  A shadow imp (D:6)
  2 white imps
  An ufetubus (D:5)
  A worm (D:3)
  5 dart slugs
  38 orcs
  3 bats
  6 endoplasms
  7 giant cockroaches
  8 goblins
  4 hobgoblins
  12 jackals
  7 quokkas
  4 ball pythons
  3 frilled lizards
  9 kobolds
  4 rats
297 creatures vanquished.

Vanquished Creatures (others)
  20 fungi
  19 plants
39 creatures vanquished.

Grand Total: 336 creatures vanquished

Notes
Turn   | Place    | Note
-------+----------+-------------------------------------------
     0 | D:1      | funkygono the Minotaur Fighter began the quest for the Orb.
     0 | D:1      | Reached XP level 1. HP: 19/19 MP: 0/0
   135 | D:1      | Reached XP level 2. HP: 27/27 MP: 1/1
   629 | D:2      | Reached XP level 3. HP: 32/33 MP: 2/2
   688 | D:2      | Found a runed translucent door.
   689 | D:2      | Noticed Crazy Yiuf
   739 | D:2      | Found a faded altar of an unknown god.
   741 | D:2      | Noticed a floating eye
   746 | D:2      | Noticed an eye of devastation
   749 | D:2      | Noticed a golden eye
   749 | D:2      | Noticed a shining eye
  1109 | D:2      | You fall into a shaft and drop 1 floor!
  1209 | D:3      | Reached skill level 3 in Axes
  1301 | D:3      | Reached XP level 4. HP: 35/40 MP: 3/3
  1879 | D:2      | Killed Crazy Yiuf
  1880 | D:2      | Reached skill level 4 in Axes
  2453 | D:3      | Reached XP level 5. HP: 46/46 MP: 4/4
  2741 | D:4      | Reached skill level 5 in Axes
  2763 | D:4      | Reached skill level 1 in Dodging
  2773 | D:3      | Reached skill level 5 in Armour
  2773 | D:3      | Reached XP level 6. HP: 50/53 MP: 5/5
  2987 | D:4      | Found a burning altar of Makhleb.
  3002 | D:4      | Noticed Pargi
  3016 | D:4      | Killed Pargi
  3017 | D:4      | Reached skill level 6 in Axes
  3035 | D:4      | Reached XP level 7. HP: 60/60 MP: 6/6
  3298 | D:5      | Entered Level 5 of the Dungeon
  3343 | D:5      | Identified the ring "Gearusk" {rElec rPois AC+4 Dex-3}
  3353 | D:5      | Found a transporter.
  3361 | D:5      | Reached skill level 5 in Fighting
  3367 | D:5      | Found a sparkling altar of Nemelex Xobeh.
  3434 | D:5      | Reached skill level 7 in Axes
  3604 | D:5      | Found a transporter.
  3655 | D:5      | Found a glowing silver altar of Zin.
  3887 | D:5      | Found a staircase to the Ecumenical Temple.
  3956 | Temple   | Entered the Ecumenical Temple
  3972 | Temple   | Became a worshipper of Warmaster Okawaru
  4310 | D:5      | Reached XP level 8. HP: 70/70 MP: 7/7
  4321 | D:5      | Reached skill level 8 in Axes
  4414 | D:6      | Reached * piety under Okawaru
  4441 | D:6      | Reached skill level 9 in Axes
  5096 | D:7      | Reached skill level 5 in Shields
  5096 | D:7      | Reached XP level 9. HP: 54/78 MP: 8/8
  5153 | D:7      | Reached skill level 10 in Axes
  5460 | D:7      | Got the Collected Works on Exothermic Orientation
  5514 | D:7      | Noticed Menkaure
  5516 | D:7      | Reached ** piety under Okawaru
  5532 | D:7      | Killed Menkaure
  5533 | D:7      | Reached skill level 11 in Axes
  6077 | D:8      | Noticed a cyclops
  6092 | D:8      | Killed a cyclops
  6231 | D:8      | Reached skill level 12 in Axes
  6231 | D:8      | Reached XP level 10. HP: 78/88 MP: 7/9
  6256 | D:8      | Noticed a two-headed ogre
  6263 | D:8      | Killed a two-headed ogre
  6483 | D:8      | Reached skill level 1 in Invocations
  6643 | D:8      | Found a basalt altar of Yredelemnul.
  6758 | D:8      | Identified a scroll of acquirement
  6758 | D:8      | Acquired a +4 ring of protection
  6861 | D:9      | Reached *** piety under Okawaru
  6864 | D:9      | Reached skill level 13 in Axes
  6893 | D:9      | Found a flagged portal.
  6950 | Bailey   | Entered a bailey
  7023 | Bailey   | Noticed an orc knight
  7089 | Bailey   | Killed an orc knight
  7090 | Bailey   | Reached skill level 1 in Stealth
  7167 | Bailey   | Identified the +0 ice dragon scales "Zaolesm" {rF- rC++
                  | Dex+3}
  7646 | D:9      | Found a snail-covered altar of Cheibriados.
  7649 | D:9      | Found a glowing golden altar of the Shining One.
  7878 | D:9      | Found a staircase to the Lair.
  8202 | D:9      | Noticed Psyche
  8211 | D:9      | Killed Psyche
  8331 | Lair:1   | Entered Level 1 of the Lair of Beasts
  8381 | Lair:1   | Reached **** piety under Okawaru
  8382 | Lair:1   | Noticed a black mamba
  8397 | Lair:1   | Killed a black mamba
  8398 | Lair:1   | Reached XP level 11. HP: 26/97 MP: 11/11
  8571 | Lair:1   | Reached skill level 14 in Axes
  8688 | Lair:1   | Reached skill level 10 in Armour
  8933 | Lair:1   | Reached skill level 10 in Fighting
  8938 | Lair:1   | Reached skill level 15 in Axes
  8983 | Lair:1   | Noticed a boulder beetle
  9016 | Lair:1   | Killed a boulder beetle
  9317 | Lair:1   | Reached ***** piety under Okawaru
  9353 | Lair:1   | Reached skill level 1 in Throwing
  9555 | Lair:2   | Noticed an eight-headed hydra
  9574 | Lair:2   | Reached XP level 12. HP: 93/107 MP: 9/12
  9595 | Lair:2   | Killed a 17-headed hydra
  9807 | Lair:2   | Noticed a five-headed hydra
  9819 | Lair:2   | Killed an 11-headed hydra
  9878 | Lair:2   | Noticed a six-headed hydra
  9896 | Lair:2   | HP: 8/162 [14-headed hydra (6)]
  9896 | Lair:2   | HP: 1/162 [14-headed hydra (3)]
  9898 | Lair:2   | Slain by a 15-headed hydra

Illustrated notes

Levels and vault maps discovered:
D:1:      dpeg_arrival_tiny_i, layout_rooms
D:2:      layout_basic, hellmonk_ecumenical_altar_watching_god,
          uniq_crazy_yiuf_cottage
D:3:      layout_basic
D:4:      layout_cave_pools, makhleb_heckhound_becter, minmay_fractal_squares_5,
          uniq_pargi
D:5:      gammafunk_steamed_eel, layout_rooms, amcnicky_altar_gilded,
          mainiacjoe_overflow_tiny_flanked, temple_green, chequers_jeans
D:6:      layout_basic, feat_on_display
D:7:      layout_loops_cross, uniq_menkaure
D:8:      layout_cave_pods, nicolae_yredelemnul_corpse_copse
D:9:      layout_layer_cave, grunt_temple_overflow_open,
          grunt_lair_entry_orc_guard_hut, enter_bailey_5,
          nicolae_concentric_dashed_squares_mild, uniq_psyche
Temple:   eino_temple_scatter_basement
Lair:1:   kb_forest_paths, layout_misc_corridors
Lair:2:   layout_small_grid, disabler_island, infiniplex_staircase_pool_2

Skill      XL: |  1  2  3  4  5  6  7  8  9 10 11 |
---------------+----------------------------------+-----
Fighting       | 4 6 7 9 10 | 10.7
Armour         | 4 5 7 8 9 10 | 10.6
Shields        | 4 5 6 7 9 |  9.4
Axes           | 3 4 5 6 7 9 12 13 15 | 15.9
Dodging        | 1 2 3 4 |  4.9
Invocations    | 1 2 |  2.0
Stealth        | 1 |  1.0
Throwing       | 1 |  1.2

Action                     |  1- 3 |  4- 6 |  7- 9 | 10-12 || total
---------------------------+-------+-------+-------+-------++-------
  Melee: War axe           |    78 |   116 |   278 |   514 ||   986
         Headbutt          |    12 |    12 |    47 |    95 ||   166
  Throw: Boomerang         |     1 |       |       |    10 ||    11
 Invoke: Heroism           |       |       |     5 |    21 ||    26
    Use: Scroll            |     3 |     6 |     7 |    10 ||    26
         Potion            |       |     1 |       |     5 ||     6
 Armour: Scale mail        |    38 |    95 |    46 |       ||   179
         Chain mail        |       |       |    92 |    73 ||   165
         Plate armour      |       |       |       |   309 ||   309
  Dodge: Dodged            |    52 |    62 |   135 |   187 ||   436
  Block: Buckler           |    17 |    30 |    46 |    39 ||   132
         Tower shield      |       |       |       |   299 ||   299
